 Dungeon Crawl Stone Soup version 0.24.0-13-gcf9b319 (webtiles) character file.

Game seed: 1008228516376033844, levelgen mode: deterministic

2718 juanp12 the Frost Mage (level 9, -23/63 HPs)
             Began as a Pale Draconian Ice Elementalist on Dec 23, 2019.
             Was a Believer of Cheibriados.
             Annihilated by a yak (26 damage)
             ... on level 8 of the Dungeon.
             The game lasted 01:07:51 (13624 turns).

juanp12 the Frost Mage (DrIE)                      Turns: 13624, Time: 01:07:51

Health: -23/63     AC:  8    Str: 16    XL:     9   Next: 39%
Magic:  8/12       EV: 12    Int: 24    God:    Cheibriados [**....]
Gold:   375        SH:  0    Dex: 16    Spells: 2/12 levels left

rFire    . . .     SeeInvis .   k - +0 spear
rCold    . . .     Gourm    .   (no shield)
rNeg     . . .     Faith    .   (armour unavailable)
rPois    .         Spirit   .   (helmet restricted)
rElec    .         Reflect  .   (no cloak)
rCorr    .         Harm     .   w - +0 pair of gloves
MR       +....                  (no boots)
Stlth    ++........             (no amulet)
HPRegen  0.20/turn              q - ring of wizardry
MPRegen  0.13/turn              n - ring of protection from magic

@: sleeping, very slow
A: breathe steam, unfitting armour, cold-blooded, AC +7
a: Breathe Steam, Bend Time, Renounce Religion


You were on level 8 of the Dungeon.
You worshipped Cheibriados.
Cheibriados was pleased with you.
You were not hungry.

You visited 2 branches of the dungeon, and saw 10 of its levels.

You collected 375 gold pieces.

Inventory:

Hand Weapons
 k - a +0 spear (weapon)
Missiles
 g - 9 boomerangs (quivered)
Armour
 v - a +0 large shield
 w - a +0 pair of gloves (worn)
Jewellery
 j - an uncursed ring of see invisible
 n - a ring of protection from magic (right hand)
 q - a ring of wizardry (left hand)
Scrolls
 f - a scroll of identify
 l - 3 scrolls of teleportation
 m - 2 scrolls of remove curse
 u - a scroll of fog
 x - a scroll of magic mapping
 y - a scroll of enchant armour
Potions
 a - a potion of invisibility
 c - 2 potions of brilliance
 d - 2 potions of curing
 e - 2 potions of mutation
 h - 2 potions of magic {unknown}
 o - 4 potions of lignification
 r - 3 potions of resistance
 s - a potion of berserk rage {unknown}
 z - a potion of flight {unknown}
Comestibles
 b - 19 rations


   Skills:
 - Level 0.4 Fighting
 + Level 7.2 Polearms
 - Level 1.7 Dodging
 - Level 1.7 Stealth
 - Level 1.0 Unarmed Combat
 - Level 2.0 Spellcasting
 - Level 1.0 Conjurations
 + Level 10.9 Ice Magic


You had 2 spell levels left.
You knew the following spells:

 Your Spells              Type           Power        Failure   Level  Hunger
a - Freeze                Ice            ####         1%          1    #......
b - Throw Frost           Conj/Ice       ####..       1%          2    ##.....
c - Ozocubu's Armour      Chrm/Ice       ####....     1%          3    ###....
d - Summon Ice Beast      Ice/Summ       ####....     5%          4    #####..

Your spell library contained the following spells:

 Spells                   Type           Power        Failure   Level  Hunger
 Throw Icicle             Conj/Ice       ####....     4%          4    #####..


Dungeon Overview and Level Annotations

Branches:
Dungeon (9/15)             Temple (1/1) D:7
   Lair: D:8-11         Orc: D:9-12

Altars:
Ashenzari
Cheibriados
Dithmenos
Elyvilon
Fedhas
Gozag
Hepliaklqana
Kikubaaqudgha
Makhleb
Nemelex Xobeh
Okawaru
Qazlal
Sif Muna
Trog
Uskayaw
Vehumet
Wu Jian
Xom
Yredelemnul
Zin
The Shining One

Annotations:
D:8 2 transporters, exclusion: statue


Innate Abilities, Weirdness & Mutations

You can breathe blasts of scalding, opaque steam.
Your pale cyan-grey scales are hard. (AC +7)
You cannot fit into any form of body armour.
You are cold-blooded and may be slowed by cold attacks.


Message History

The dream sheep bites you but does no damage.
The yak gores you!
The dream sheep shake their wool and sparkle.
You feel drowsy...
You fall asleep.
The dream sheep bites you!
You wake up.
* * * LOW HITPOINT WARNING * * *
The yak gores you!
* * * LOW HITPOINT WARNING * * *
The yak completely misses you. The dream sheep bites you.
* * * LOW HITPOINT WARNING * * *
There is a stone staircase leading up here.
Casting: Freeze (safe; 1% risk of failure)
Confirm with . or Enter, or press ? or * to list all spells.
Okay, then.
The yak barely misses you. The yak gores you.
* * * LOW HITPOINT WARNING * * *
The dream sheep shake their wool and sparkle.
You feel drowsy...
You fall asleep.
The yak gores you!!
You die...

..........# ##.........
..........## #...........
...........#### #......#....
.....>........####...........
......#...(...............
......##.................
.....####...............
....## ##...........# .....##
#.....)@Y.# ..#.#.#
#...##.YY.## ..#####
#(..####Y..## ..#
#...#.......# ..####
#.....#####.#### ...#.#
##.....#PP≈.≈.≈.#
....#####..#####P≈......#
##....#...## #≈≈P..%..#
##.......## #P≈≈.%P.%#


You could see 2 yaks and 2 dream sheep.

Vanquished Creatures
  A hippogriff (D:8)
  Edmund (D:5)
  An orc warrior (D:7)
  An ice beast (D:8)
  A necrophage (D:5)
  A sky beast (D:5)
  A phantom (D:8)
  A centaur (D:8)
  An ogre (D:7)
  3 big kobolds (D:8)
  2 bullfrogs (D:7)
  A scorpion (D:8)
  A wyvern skeleton (D:8)
  A wight (D:7)
  A howler monkey (D:8)
  A crimson imp (D:3)
  2 jellies
  2 hounds
  7 orc wizards
  2 centaur skeletons
  4 orc priests
  2 iguanas
  14 worker ants
  A hound skeleton (D:5)
  A worker ant zombie (D:6)
  Robin (D:4)
  12 adders
  A shadow imp (D:8)
  An ooze (D:2)
  2 dart slugs
  5 leopard geckos
  19 orcs
  3 ball pythons
  8 bats
  4 giant cockroaches
  18 goblins
  10 hobgoblins
  17 jackals
  13 kobolds
  3 quokkas
  4 frilled lizards
  A jackal skeleton (D:5)
  A quokka skeleton (D:5)
  A quokka zombie (D:7)
  13 rats
191 creatures vanquished.

Vanquished Creatures (collateral kills)
  An ice beast (D:8)
  An ogre (D:7)
  2 wights (D:7)
  A jelly (D:8)
  A worker ant (D:8)
  A shadow imp (D:8)
  A leopard gecko (D:7)
  3 kobolds (D:8)
11 creatures vanquished.

Grand Total: 202 creatures vanquished

Notes
Turn   | Place    | Note
-------+----------+-------------------------------------------
     0 | D:1      | juanp12 the Draconian Ice Elementalist began the quest for
                  | the Orb.
     0 | D:1      | Reached XP level 1. HP: 14/14 MP: 3/3
   545 | D:2      | Reached XP level 2. HP: 14/20 MP: 1/5
   734 | D:1      | Learned a level 2 spell: Throw Frost
   970 | D:1      | Reached skill level 4 in Ice Magic
  1236 | D:1      | Reached XP level 3. HP: 26/26 MP: 4/6
  1742 | D:2      | Reached XP level 4. HP: 28/33 MP: 7/7
  1776 | D:2      | Reached skill level 1 in Unarmed Combat
  2101 | D:2      | Reached skill level 5 in Ice Magic
  2959 | D:5      | Entered Level 5 of the Dungeon
  3003 | D:3      | Reached XP level 5. HP: 28/39 MP: 3/8
  3195 | D:3      | Reached skill level 6 in Ice Magic
  3209 | D:3      | Learned a level 3 spell: Ozocubu's Armour
  3303 | D:3      | Found a hide-covered altar of Uskayaw.
  3643 | D:4      | Reached XP level 6. HP: 41/46 MP: 5/9
  3989 | D:4      | Reached skill level 7 in Ice Magic
  4156 | D:4      | Noticed Robin
  4166 | D:4      | Killed Robin
  4624 | D:5      | Noticed a sky beast
  5046 | D:5      | Found a snail-covered altar of Cheibriados.
  5065 | D:5      | Became a worshipper of Cheibriados the Contemplative
  5082 | D:5      | Reached skill level 8 in Ice Magic
  5082 | D:5      | Your scales start taking on a pale cyan-grey colour.
  5082 | D:5      | Reached XP level 7. HP: 34/50 MP: 1/10
  5293 | D:5      | Found an ancient bone altar of Kikubaaqudgha.
  5392 | D:5      | Noticed Edmund
  5411 | D:5      | Killed Edmund
  5411 | D:5      | Reached skill level 1 in Polearms
  5493 | D:5      | Learned a level 4 spell: Summon Ice Beast
  6055 | D:5      | Found a shattered altar of Ashenzari.
  6066 | D:5      | Reached * piety under Cheibriados
  6398 | D:7      | Reached skill level 9 in Ice Magic
  6398 | D:7      | Reached XP level 8. HP: 57/57 MP: 6/11
  7275 | D:6      | Found an opulent altar of Gozag.
  7652 | D:7      | Found a staircase to the Ecumenical Temple.
  7755 | D:7      | Reached skill level 5 in Polearms
  7841 | D:7      | Reached ** piety under Cheibriados
  8105 | D:8      | Reached skill level 10 in Ice Magic
  8444 | D:7      | Found a stormy altar of Qazlal.
  8531 | Temple   | Entered the Ecumenical Temple
 11845 | D:8      | Found a radiant altar of Vehumet.
 11883 | D:8      | Found a transporter.
 11902 | D:8      | Found a basalt altar of Yredelemnul.
 11906 | D:8      | Noticed a death knight
 11912 | D:8      | Found an ancient bone altar of Kikubaaqudgha.
 11915 | D:8      | Found a transporter.
 12175 | D:8      | Reached XP level 9. HP: 63/63 MP: 9/12
 12241 | D:8      | Found a shimmering blue altar of Sif Muna.
 12598 | D:9      | Noticed a two-headed ogre
 13524 | D:8      | Found a shadowy altar of Dithmenos.
 13534 | D:8      | Found a burning altar of Makhleb.
 13623 | D:8      | HP: 3/63 [yak (3)]
 13624 | D:8      | Annihilated by a yak

Levels and vault maps discovered:
D:1:      dpeg_arrival_stonehenge_12_columns, layout_basic,
          chequers_serial_rivers_room_b
D:2:      layout_basic
D:3:      layout_loops_ring, old_standard_altar
D:4:      minmay_inner_zag, layout_gridville, uniq_robin
D:5:      layout_basic, cheibrodos_ashenzari_chains, old_standard_altar,
          basic_altar, first_ration, grunt_ministairs_7, uniq_edmund
D:6:      layout_basic, grunt_gozag_breadcrumbs
D:7:      layout_rooms, nicolae_qazlal_eye_of_the_storm,
          minmay_temple_entry_waves, kennysheep_generic_room_13
D:8:      layout_layer_cave, gammafunk_temple_of_torment,
          amethyst_overflow_temple_binary, vehumet_statue, hangedman_ranch
          [blue_anna_fruit_fields], led_sif_book
D:9:      layout_cave_pools, nicolae_overflow_hidden_temple,
          erik_lair_orcish_takeover, grunt_dithmenos_smoke_and_mirrors,
          uniq_harold
Temple:   compressed_dpeg_circular_temple

Skill      XL: |  1  2  3  4  5  6  7  8  9 |
---------------+----------------------------+-----
Ice Magic      | 4 5 6 8 9 10 | 10.9
Unarmed Combat | 1 |  1.0
Polearms       | 3 6 7 |  7.2
Fighting       | |  0.4
Dodging        | |  1.7
Stealth        | |  1.7
Spellcasting   | |  2.0
Conjurations   | |  1.0

Action                   |  1- 3 |  4- 6 |  7- 9 || total
-------------------------+-------+-------+-------++-------
Melee: Unarmed           |    76 |    35 |       ||   111
       Tailslap          |     7 |    17 |    32 ||    56
       Spear             |       |   171 |   254 ||   425
       Punch             |       |     2 |       ||     2
Throw: Boomerang         |     2 |     6 |     4 ||    12
 Cast: Freeze            |    36 |    80 |   173 ||   289
       Throw Frost       |       |     1 |    11 ||    12
       Summon Ice Beast  |       |       |    10 ||    10
 Abil: Breathe Steam     |       |       |     1 ||     1
  Use: Scroll            |     5 |     7 |    10 ||    22
       Potion            |       |       |     2 ||     2
 Stab: Sleeping          |       |       |     8 ||     8
       Distracted        |       |       |     1 ||     1
  Eat: Chunk             |     3 |    12 |     5 ||    20
       Ration            |       |       |     4 ||     4
Armor: Skin              |    45 |    79 |   122 ||   246
Dodge: Dodged            |   102 |   163 |   239 ||   504
